TOP OF THE 1ST |
Savannah Hogs batting - Pitching for State College Spikes : RHP Bill Hendricks
|
Pitching: RHP Bill Hendricks
|
|
Batting: RHB Ramón Gómez
|
0-0: Foul Ball, location: 2F 0-1: Foul Ball, location: 2F 0-2: Strikes out swinging
|
Batting: LHB Miguel Medellín
|
0-0: Ball 1-0: Ground out 3-1 (Groundball, 34)
|
Batting: RHB Henry Haines
|
0-0: Ball 1-0: Ball 2-0: Called Strike 2-1: Foul Ball, location: 2F 2-2: Foul Ball, location: 2F 2-2: Strikes out swinging
|
Top of the 1st over - 0 run(s), 0 hit(s), 0 error(s), 0 left on base; Savannah 0 - State College 0 |
BOTTOM OF THE 1ST |
State College Spikes batting - Pitching for Savannah Hogs : RHP Mike Gordon
|
Pitching: RHP Mike Gordon
|
|
Batting: RHB Matt Tucker
|
0-0: Swinging Strike 0-1: Ball 1-1: Ball 2-1: Ball 3-1: Base on Balls
|
Batting: RHB Pedro Echevarría
|
0-0: Ball 1-0: Ball Matt Tucker steals 2nd base 2-0: Foul Ball, location: 2F 2-1: SINGLE (Groundball, 6MD) Matt Tucker to third Runner from 3rd tries for Home, SAFE, no throw
|
Batting: RHB Scott Lee
|
0-0: Ball 1-0: Ball 2-0: Called Strike 2-1: DOUBLE (Flyball, 9D) Pedro Echevarría to third Runner from 3rd tries for Home, SAFE, no throw
|
Batting: RHB Joe Salas
|
0-0: Called Strike 0-1: Ground out 5-3 (Groundball, 56S) Scott Lee to third
|
Batting: LHB Robin Jamieson
|
0-0: Ball 1-0: Ball 2-0: Ground out U3 (Groundball, 34D) Scott Lee scores
|
Batting: LHB Burt Ward
|
0-0: Foul Ball, location: 2F 0-1: Reached on error, E7 (Flyball, 78S)
|
Batting: RHB Diego Benítez
|
0-0: Swinging Strike 0-1: Called Strike 0-2: Ball 1-2: Ground out 6-3 (Groundball, 6)
|
Bottom of the 1st over - 3 run(s), 2 hit(s), 1 error(s), 1 left on base; Savannah 0 - State College 3 |
TOP OF THE 2ND |
Savannah Hogs batting - Pitching for State College Spikes : RHP Bill Hendricks
|
Batting: LHB Mario Álvarez
|
0-0: Called Strike 0-1: Foul Ball, location: 2F 0-2: Strikes out looking
|
Batting: LHB Juan Vásquez
|
0-0: Foul Ball, location: 2F 0-1: Called Strike 0-2: Ball 1-2: Strikes out swinging
|
Batting: LHB Marv Gardner
|
0-0: Called Strike 0-1: Foul Ball, location: 2F 0-2: Foul Ball, location: 2F 0-2: Fly out, F8 (Flyball, 89D)
|
Top of the 2nd over - 0 run(s), 0 hit(s), 0 error(s), 0 left on base; Savannah 0 - State College 3 |
BOTTOM OF THE 2ND |
State College Spikes batting - Pitching for Savannah Hogs : RHP Mike Gordon
|
Batting: RHB Daniel Martínez
|
0-0: Swinging Strike 0-1: Hit by Pitch
|
Batting: RHB José Maldonado
|
0-0: Ball 1-0: Called Strike 1-1: Foul Ball, location: 2F 1-2: Grounds into double play, 4-6-3 (Groundball, 4M)
|
Batting: RHB Matt Tucker
|
0-0: Foul Ball, location: 2F 0-1: Called Strike 0-2: SOLO HOME RUN (Flyball, 9LD), Distance : 320 ft
|
Batting: RHB Pedro Echevarría
|
0-0: Ball 1-0: Called Strike 1-1: Ground out 4-3 (Groundball, 4)
|
Bottom of the 2nd over - 1 run(s), 1 hit(s), 0 error(s), 0 left on base; Savannah 0 - State College 4 |
TOP OF THE 3RD |
Savannah Hogs batting - Pitching for State College Spikes : RHP Bill Hendricks
|
Batting: RHB Jorge Chávez
|
0-0: Ball 1-0: Ball 2-0: Ball 3-0: Called Strike 3-1: Base on Balls
|
Batting: LHB Guillermo Santos
|
0-0: Foul Ball, location: 2F 0-1: Ball 1-1: Ball 2-1: Foul Ball, location: 2F 2-2: Ball 3-2: Strikes out swinging Jorge Chávez steals 2nd base Batter strikes out.
|
Batting: LHB Marv Alexander
|
0-0: Called Strike 0-1: Ball 1-1: Reached on error, E4 (Groundball, 4) Jorge Chávez scores
|
Batting: RHB Ramón Gómez
|
0-0: Called Strike 0-1: Swinging Strike 0-2: Strikes out looking
|
Batting: LHB Miguel Medellín
|
0-0: Swinging Strike 0-1: 2-RUN HOME RUN (Flyball, 8LXD), Distance : 422 ft
|
Batting: RHB Henry Haines
|
0-0: Swinging Strike 0-1: Called Strike 0-2: Foul Ball, location: 2F 0-2: SINGLE (Groundball, 56D)
|
Batting: LHB Mario Álvarez
|
0-0: Ball 1-0: Foul Ball, location: 2F 1-1: SINGLE (Groundball, 34D) Henry Haines to second
|
Batting: LHB Juan Vásquez
|
0-0: Ball 1-0: Called Strike 1-1: Ground out 3-1 (Groundball, 34)
|
Top of the 3rd over - 3 run(s), 3 hit(s), 1 error(s), 2 left on base; Savannah 3 - State College 4 |
BOTTOM OF THE 3RD |
State College Spikes batting - Pitching for Savannah Hogs : RHP Mike Gordon
|
Batting: RHB Scott Lee
|
0-0: Foul Ball, location: 2F 0-1: Ball 1-1: Ball 2-1: DOUBLE (Line Drive, 7LM)
|
Batting: RHB Joe Salas
|
0-0: Swinging Strike 0-1: Swinging Strike 0-2: Strikes out swinging
|
Batting: LHB Robin Jamieson
|
0-0: Ball 1-0: Fly out, F8 (Flyball, 8RD)
|
Batting: LHB Burt Ward
|
0-0: Called Strike 0-1: Foul Ball, location: 2F 0-2: Ball 1-2: Ball 2-2: Foul Ball, location: 2F 2-2: Foul Ball, location: 2F 2-2: Ball 3-2: Ground out 4-3 (Groundball, 4)
|
Bottom of the 3rd over - 0 run(s), 1 hit(s), 0 error(s), 1 left on base; Savannah 3 - State College 4 |
TOP OF THE 4TH |
Savannah Hogs batting - Pitching for State College Spikes : RHP Bill Hendricks
|
Batting: LHB Marv Gardner
|
0-0: Ball 1-0: Foul Ball, location: 2F 1-1: Called Strike 1-2: Ball 2-2: Ground out 5-3 (Groundball, 56S)
|
Batting: RHB Jorge Chávez
|
0-0: Swinging Strike 0-1: Swinging Strike 0-2: Ball 1-2: Ball 2-2: Ball 3-2: Base on Balls
|
Batting: LHB Guillermo Santos
|
0-0: Foul Ball, location: 2F 0-1: Foul Ball, location: 2F 0-2: Strikes out swinging
|
Batting: LHB Marv Alexander
|
0-0: Ball 1-0: Ball 2-0: Ball 3-0: Called Strike 3-1: Base on Balls Jorge Chávez to second
|
Batting: RHB Ramón Gómez
|
0-0: Called Strike 0-1: Called Strike 0-2: Foul Ball, location: 2F 0-2: Ball 1-2: Ball 2-2: Ground out 6-3 (Groundball, 56)
|
Top of the 4th over - 0 run(s), 0 hit(s), 0 error(s), 2 left on base; Savannah 3 - State College 4 |
BOTTOM OF THE 4TH |
State College Spikes batting - Pitching for Savannah Hogs : RHP Mike Gordon
|
Batting: RHB Diego Benítez
|
0-0: Called Strike 0-1: Ball 1-1: Called Strike 1-2: DOUBLE (Line Drive, 7LM)
|
Batting: RHB Daniel Martínez
|
0-0: Ball 1-0: Ground out 4-3 (Groundball, 4MS) Diego Benítez to third
|
Batting: RHB José Maldonado
|
0-0: Swinging Strike 0-1: Fly out, F5 (Line Drive, 5L)
|
Batting: RHB Matt Tucker
|
0-0: Called Strike 0-1: Called Strike 0-2: Ball 1-2: Strikes out swinging
|
Bottom of the 4th over - 0 run(s), 1 hit(s), 0 error(s), 1 left on base; Savannah 3 - State College 4 |
TOP OF THE 5TH |
Savannah Hogs batting - Pitching for State College Spikes : RHP Bill Hendricks
|
Batting: LHB Miguel Medellín
|
0-0: Foul Ball, location: 2F 0-1: Swinging Strike 0-2: Foul Ball, location: 2F 0-2: Ball 1-2: Strikes out swinging, 2-3 out at first.
|
Batting: RHB Henry Haines
|
0-0: Ball 1-0: Called Strike 1-1: Ground out 6-3 (Groundball, 6M)
|
Batting: LHB Mario Álvarez
|
0-0: Ball 1-0: SINGLE (Groundball, 4D)
|
Pitching: RHP Drake Johnston
|
|
Batting: LHB Juan Vásquez
|
0-0: Ground out 4-3 (Groundball, 34)
|
Top of the 5th over - 0 run(s), 1 hit(s), 0 error(s), 1 left on base; Savannah 3 - State College 4 |
BOTTOM OF THE 5TH |
State College Spikes batting - Pitching for Savannah Hogs : RHP Mike Gordon
|
Batting: RHB Pedro Echevarría
|
0-0: Ball 1-0: Ball 2-0: Called Strike 2-1: Ground out 4-3 (Groundball, 34D)
|
Batting: RHB Scott Lee
|
0-0: Foul Ball, location: 2F 0-1: Ball 1-1: SINGLE (Line Drive, 4D)
|
Batting: RHB Joe Salas
|
0-0: Ball 1-0: Ball 2-0: Ball 3-0: Called Strike 3-1: Base on Balls Scott Lee to second
|
Batting: LHB Robin Jamieson
|
0-0: Ball 1-0: SINGLE (Line Drive, 78S) Scott Lee to third Joe Salas to second Runner from 3rd tries for Home, SAFE, throw made home Joe Salas to third Robin Jamieson to second
|
Batting: LHB Burt Ward
|
0-0: Intentional Walk
|
Pitching: RHP Jorge Durán
|
|
Batting: RHB Diego Benítez
|
0-0: Ball 1-0: Ball 2-0: Foul Ball, location: 2F 2-1: Foul Ball, location: 2F 2-2: Fly out, F9 (Flyball, 9S)
|
Batting: RHB Daniel Martínez
|
0-0: SINGLE (Groundball, 56D) Joe Salas scores Robin Jamieson to third Burt Ward to second Runner from 3rd tries for Home, SAFE, no throw
|
Batting: RHB José Maldonado
|
0-0: Foul Ball, location: 2F 0-1: Ball 1-1: Foul Ball, location: 2F 1-2: Ball 2-2: Ball 3-2: Foul Ball, location: 2F 3-2: Strikes out looking
|
Bottom of the 5th over - 3 run(s), 3 hit(s), 0 error(s), 2 left on base; Savannah 3 - State College 7 |
TOP OF THE 6TH |
Savannah Hogs batting - Pitching for State College Spikes : RHP Drake Johnston
|
Batting: LHB Marv Gardner
|
0-0: Ball 1-0: Ball 2-0: Swinging Strike 2-1: Ball 3-1: Fly out, F7 (Flyball, 7D)
|
Batting: RHB Jorge Chávez
|
0-0: Called Strike 0-1: Called Strike 0-2: Foul Ball, location: 2F 0-2: Strikes out looking
|
Batting: LHB Guillermo Santos
|
0-0: Ball 1-0: Ball 2-0: Ball 3-0: Called Strike 3-1: Foul Ball, location: 2F 3-2: Base on Balls
|
Batting: LHB Marv Alexander
|
0-0: Foul Ball, location: 2F 0-1: Swinging Strike 0-2: Strikes out swinging
|
Top of the 6th over - 0 run(s), 0 hit(s), 0 error(s), 1 left on base; Savannah 3 - State College 7 |
BOTTOM OF THE 6TH |
State College Spikes batting - Pitching for Savannah Hogs : RHP Jorge Durán
|
Batting: RHB Matt Tucker
|
0-0: Called Strike 0-1: Ball 1-1: Ball 2-1: Ball 3-1: Foul Ball, location: 2F 3-2: Fly out, F9 (Flyball, 9)
|
Batting: RHB Pedro Echevarría
|
0-0: Ball 1-0: SINGLE (Groundball, 4D)
|
Batting: RHB Scott Lee
|
0-0: Ball 1-0: Called Strike 1-1: DOUBLE (Line Drive, 89D) Pedro Echevarría to third
|
Batting: RHB Joe Salas
|
0-0: Ball 1-0: Called Strike 1-1: Foul Ball, location: 2F 1-2: Foul Ball, location: 2F 1-2: Ball 2-2: Strikes out looking
|
Batting: LHB Robin Jamieson
|
0-0: Ball 1-0: Ball 2-0: Called Strike 2-1: Foul Ball, location: 2F 2-2: Strikes out swinging
|
Bottom of the 6th over - 0 run(s), 2 hit(s), 0 error(s), 2 left on base; Savannah 3 - State College 7 |
TOP OF THE 7TH |
Savannah Hogs batting - Pitching for State College Spikes : RHP Drake Johnston
|
Batting: RHB Ramón Gómez
|
0-0: Ball 1-0: Called Strike 1-1: Swinging Strike 1-2: Strikes out swinging
|
Batting: LHB Miguel Medellín
|
0-0: Ball 1-0: Ball 2-0: Called Strike 2-1: Reached on error, E6 (Groundball, 6)
|
Batting: RHB Henry Haines
|
0-0: Ball Miguel Medellín steals 3rd base 1-0: Foul Ball, location: 2F 1-1: Called Strike 1-2: Foul Ball, location: 2F 1-2: Strikes out swinging
|
Pitching: RHP Albert Scott
|
|
Batting: LHB Mario Álvarez
|
0-0: Called Strike 0-1: Ground out U3 (Groundball, 34)
|
Top of the 7th over - 0 run(s), 0 hit(s), 1 error(s), 1 left on base; Savannah 3 - State College 7 |
BOTTOM OF THE 7TH |
State College Spikes batting - Pitching for Savannah Hogs : RHP Jorge Durán
|
Batting: LHB Burt Ward
|
0-0: Ball 1-0: Swinging Strike 1-1: Ball 2-1: Reached on error, E3 (Groundball, 3)
|
Batting: RHB Diego Benítez
|
0-0: Called Strike 0-1: Ball 1-1: Fly out, F4 (Popup, 4D)
|
Batting: RHB Daniel Martínez
|
0-0: Swinging Strike 0-1: Ball 1-1: Called Strike 1-2: Foul Ball, location: 2F 1-2: Ball 2-2: Ball 3-2: Strikes out swinging Burt Ward steals 2nd base Batter strikes out.
|
Batting: RHB José Maldonado
|
0-0: Called Strike 0-1: Called Strike 0-2: Ground out 5-3 (Groundball, 56)
|
Bottom of the 7th over - 0 run(s), 0 hit(s), 1 error(s), 1 left on base; Savannah 3 - State College 7 |
TOP OF THE 8TH |
Savannah Hogs batting - Pitching for State College Spikes : RHP Albert Scott
|
Batting: LHB Juan Vásquez
|
0-0: Reached via error on a dropped throw, E3
|
Batting: LHB Marv Gardner
|
0-0: Fly out, F9 (Flyball, 9S)
|
Batting: RHB Jorge Chávez
|
0-0: 2-RUN HOME RUN (Flyball, 7D), Distance : 416 ft
|
Pitching: LHP Dan Brown
|
|
Batting: LHB Guillermo Santos
|
0-0: Called Strike 0-1: Foul Ball, location: 2F 0-2: Ground out 6-3 (Groundball, 6)
|
Batting: LHB Marv Alexander
|
0-0: Ball 1-0: Foul Ball, location: 2F 1-1: Foul Ball, location: 2F 1-2: Ball 2-2: Foul Ball, location: 2F 2-2: Fly out, F9 (Flyball, 9)
|
Top of the 8th over - 2 run(s), 1 hit(s), 1 error(s), 0 left on base; Savannah 5 - State College 7 |
BOTTOM OF THE 8TH |
State College Spikes batting - Pitching for Savannah Hogs : RHP Jorge Durán
|
Batting: RHB Matt Tucker
|
0-0: Ball 1-0: Ball 2-0: Called Strike 2-1: Swinging Strike 2-2: Reached on error, E3 (Groundball, 34)
|
Batting: RHB Pedro Echevarría
|
0-0: Called Strike 0-1: Ball 1-1: DOUBLE (Flyball, 78D) Matt Tucker scores
|
Batting: RHB Scott Lee
|
0-0: Ball 1-0: Called Strike 1-1: Ball 2-1: Foul Ball, location: 2F 2-2: Strikes out swinging
|
Batting: RHB Joe Salas
|
0-0: Swinging Strike 0-1: Ball 1-1: Ball 2-1: Foul Ball, location: 2F 2-2: Ball 3-2: Base on Balls
|
Pitching: LHP Kees Asmus
|
|
Batting: LHB Robin Jamieson
|
0-0: Ball 1-0: Foul Ball, location: 2F 1-1: Swinging Strike 1-2: Foul Ball, location: 2F 1-2: Fly out, F7 (Flyball, 7S)
|
Pitching: RHP Ramón Martínez
|
|
Batting: LHB Burt Ward
|
0-0: Ball 1-0: Ball 2-0: Ball 3-0: Called Strike 3-1: Base on Balls Pedro Echevarría to third Joe Salas to second
|
Pinch Hitting: LHB Jorge Luna
|
0-0: Fielders Choice at 2nd, 4-6 (Groundball, 4)
|
Bottom of the 8th over - 1 run(s), 1 hit(s), 1 error(s), 2 left on base; Savannah 5 - State College 8 |
TOP OF THE 9TH |
Savannah Hogs batting - Pitching for State College Spikes : LHP Dan Brown
|
Pitching: LHP Michael Stewart
|
|
Now at 1B: Millard Walker
|
|
Now at 3B: Ira Ross
|
|
Now in RF: Dave Boom
|
|
Batting: RHB Ramón Gómez
|
0-0: Foul Ball, location: 2F 0-1: Foul Ball, location: 2F 0-2: Ball 1-2: Ball 2-2: Ball 3-2: Strikes out swinging
|
Batting: LHB Miguel Medellín
|
0-0: Foul Ball, location: 2F 0-1: Ground out 4-3 (Groundball, 4)
|
Batting: RHB Henry Haines
|
0-0: Ball 1-0: Called Strike 1-1: Ball 2-1: Foul Ball, location: 2F 2-2: Strikes out looking
|
Top of the 9th over - 0 run(s), 0 hit(s), 0 error(s), 0 left on base; Savannah 5 - State College 8 |
|